 Dungeon Crawl Stone Soup version 0.32-a0-975-g85d4e5bfdb (webtiles) character file.

Game seed: 238668235087488221

690 Biggs the Grappler (level 7, -4/46 HPs)
             Began as an Octopode Fighter on Apr 18, 2024.
             Was an Initiate of Wu Jian.
             Slain by an ice beast (5 damage)
             ... on level 5 of the Dungeon.
             The game lasted 00:21:04 (2171 turns).

Biggs the Grappler (Octopode Fighter)               Turns: 2171, Time: 00:21:05

Health: -4/46      AC:  1    Str: 18    XL:     7   Next: 63%
Magic:  7/7        EV: 12    Int: 10    God:    Wu Jian [......]
Gold:   248        SH:  4    Dex: 11    Spells: 6/6 levels left

rFire   . .          .
                       - Unarmed
rCold   . . .        a - +0 buckler
rNeg    . . .        (helmet restricted)
rPois   .            (no amulet)
rElec   .            (no ring)
rCorr   .            (no ring)
SInv    .            (no ring)
Will    .....        (no ring)
Stlth   ++           (no ring)
HPRegen 0.27/turn    (no ring)
MPRegen 0.10/turn    (no ring)
                     (no ring)

%: no passive effects
@: no status effects
A: almost no armour, amphibious, 8 rings, camouflage 1, gelatinous body 1,
(nimble swimmer 1), tentacles
a: Renounce Religion


You were on level 5 of the Dungeon.
You worshipped Wu Jian.
Wu Jian was noncommittal.
You visited 1 branch of the dungeon, and saw 5 of its levels.

You collected 248 gold pieces.

Inventory:

Missiles
 h - a throwing net (quivered)
 i - 3 atropa-tipped darts
Armour
 a - a +0 buckler (worn)
Jewellery
 q - the ring "Relia" {^Contam *Corrode Fly Str+7 Stlth+}
   (You found it on level 5 of the Dungeon)

   [ring of flight]

   Str+7:     It affects your strength (+7).
   Fly:       It grants you flight.
   ^Contam:   It causes magical contamination when unequipped.
   *Corrode:  It may corrode you when you take damage.
   Stlth+:    It makes you more stealthy.
Wands
 f - a wand of mindburst (6)
Scrolls
 c - 2 scrolls of identify
 d - 2 scrolls of fog
 e - 2 scrolls of amnesia
 g - a scroll of fear
 l - a scroll of noise
 n - 3 scrolls of revelation
Potions
 b - a potion of might
 j - 3 potions of lignification
 k - a potion of curing
 m - 3 potions of degeneration {unknown}
 o - 2 potions of invisibility {unknown}
 p - a potion of attraction {unknown}
 r - a potion of cancellation {unknown}


   Skills:
 - Level 3.0 Fighting
 - Level 3.0 Dodging
 - Level 3.0 Shields
 + Level 8.4 Unarmed Combat


You had 6 spell levels left.
You didn't know any spells.
Your spell library contained the following spells:

 Spells                   Type           Power      Damage    Failure   Level
 Mercury Vapours          Alch/Air       0%         N/A       58%         2
 Mephitic Cloud           Conj/Alch/Air  0%         N/A       82%         3
 Brom's Barrelling Bould  Conj/Erth      0%         2d3       99%         4
 Fireball                 Conj/Fire      0%         3d3       100%        5
 Freezing Cloud           Conj/Ice/Air   0%         6-21      100%        5
 Iskenderun's Battlesphe  Conj           0%         2d6       100%        5
 Conjure Ball Lightning   Conj/Air       0%         3x3d6     100%        6
 Orb of Destruction       Conj           0%         9d5       100%        7


Dungeon Overview and Level Annotations

Branches:
Dungeon (5/15)             Temple (0/1) D:5

Altars:
Hepliaklqana
Makhleb
Trog
Wu Jian
Zin

Shops:
D:5 :


Innate Abilities, Weirdness & Mutations

You cannot wear most types of armour.
You are amphibious.
You can wear up to eight rings at the same time.
Your skin changes colour to match your surroundings (Stealth+).
Your rubbery body absorbs attacks. (AC +1, EV +1)
((You are camouflaged when in or above water. (Stealth+)))
You have tentacles for arms and can constrict up to eight enemies at once.


Message History

You lunge at the ice beast.
You bludgeon the ice beast!
The ice beast is moderately wounded.
The ice beast hits you. The ice beast freezes you!
Unknown command.
You tentacle-slap the ice beast.
The ice beast is heavily wounded.
The ice beast closely misses you.
Unknown command.
You tentacle-slap the ice beast. You squeeze the ice beast.
The ice beast is heavily wounded.
The ice beast hits you. The ice beast freezes you.
You barely miss the ice beast.
The ice beast is heavily wounded.
Unknown command.
You tentacle-slap the ice beast but do no damage.
The ice beast is heavily wounded.
The ice beast hits you. The ice beast freezes you!
* * * LOW HITPOINT WARNING * * *
Unknown command.
You closely miss the ice beast.
Your tentacle-slap misses the ice beast.
The ice beast is heavily wounded.
The ice beast barely misses you.
You barely miss the ice beast. You tentacle-slap the ice beast.
You squeeze the ice beast, but do no damage.
The ice beast is severely wounded.
The ice beast misses you.
You tentacle-slap the ice beast.
Your tentacle-slap misses the ice beast.
The ice beast is almost dead.
The ice beast hits you.
* * * LOW HITPOINT WARNING * * *
The ice beast freezes you.
* * * LOW HITPOINT WARNING * * *
You tentacle-slap the ice beast.
The ice beast is almost dead.
The ice beast hits you.
* * * LOW HITPOINT WARNING * * *
The ice beast freezes you.
You die...

.§§§§§§§.# .###
..~~§§~..# ### #...
#..§§~..## #.. ...#
##...##.## #.###..# ###
#...#...###.##...##....
##<(......##$#..........
........)..#.#.....#....
........................
......ß.....ß...@.##...
##............#..Y#
#......)............
#.......>.....#..##.#
#.............#..# #
##...............#
###...ß.....ß..#.##
...............#..
###.#....##.##..


You could see an ice beast.

Vanquished Creatures
  Grinder (D:5)
  2 ogres
  A jelly (D:5)
  A hound (D:4)
  Terence (D:3)
  2 orc wizards (D:3)
  Robin (D:2)
  3 gnolls (D:4)
  5 adders
  2 ribbon worms
  2 dart slugs (D:4)
  12 orcs
  5 endoplasms
  A giant cockroach (D:1)
  14 goblins
  7 hobgoblins
  4 jackals
  6 kobolds
  2 quokkas
  6 ball pythons
  8 bats
  3 frilled lizards (D:1)
  7 rats
96 creatures vanquished.

Notes
Turn   | Place    | Note
-------+----------+-------------------------------------------
     0 | D:1      | Biggs the Octopode Fighter began the quest for the Orb.
     0 | D:1      | Reached XP level 1. HP: 16/16 MP: 1/1
   117 | D:1      | Found a faded altar of an unknown god.
   135 | D:1      | Reached XP level 2. HP: 8/21 MP: 2/2
   250 | D:1      | Reached skill level 3 in Unarmed Combat
   456 | D:2      | Reached XP level 3. HP: 25/26 MP: 3/3
   611 | D:2      | Reached skill level 4 in Unarmed Combat
   616 | D:2      | Noticed Robin
   623 | D:2      | Killed Robin
   624 | D:2      | Reached XP level 4. HP: 22/31 MP: 4/4
   781 | D:3      | Found a glowing silver altar of Zin.
   819 | D:3      | Identified the +2 morningstar of Awashror {freeze, rPois
                  | rF- Will+ Int+3}
  1008 | D:3      | Reached skill level 5 in Unarmed Combat
  1008 | D:3      | Reached XP level 5. HP: 26/36 MP: 5/5
  1053 | D:3      | Noticed Terence
  1059 | D:3      | Killed Terence
  1114 | D:3      | Found a burning altar of Makhleb.
  1256 | D:3      | Found a hazy altar of Hepliaklqana.
  1428 | D:4      | Found a bloodstained altar of Trog.
  1495 | D:4      | Reached skill level 6 in Unarmed Combat
  1505 | D:4      | Reached XP level 6. HP: 42/42 MP: 6/6
  1566 | D:4      | Found an ornate altar of the Wu Jian Council.
  1575 | D:4      | Became a worshipper of the Wu Jian Council
  1873 | D:4      | Reached skill level 7 in Unarmed Combat
  1895 | D:5      | Entered Level 5 of the Dungeon
  1895 | D:5      | Noticed Grinder
  1895 | D:5      | Found a staircase to the Ecumenical Temple.
  1903 | D:5      | Killed Grinder
  1904 | D:5      | Reached XP level 7. HP: 46/46 MP: 7/7
  1917 | D:5      | Reached skill level 8 in Unarmed Combat
  1934 | D:5      | Found Lannexz Zuss's Self-Published Books.
  2110 | D:5      | Identified the ring "Relia" {^Contam *Corrode Fly Str+7
                  | Stlth+}
  2171 | D:5      | HP: 1/46 [ice beast (4)]
  2171 | D:5      | Slain by an ice beast

Illustrated notes

Levels and vault maps discovered:
D:1:      enne_arrival_octagon_isle, layout_basic,
          hellmonk_ecumenical_altar_inner_sanctum, minmay_cut_off
D:2:      layout_basic, uniq_robin
D:3:      layout_loops_corners, lightli_temple_of_fire, lemuel_doored_altar,
          marbit_many_paths, hangedman_decor_slide_cut, serial_park_tiny_2,
          uniq_terence
D:4:      layout_basic, trog_book, mainiacjoe_overflow_boulevard, corexii_shack
D:5:      layout_loops_cross, minmay_temple_entry_mist, nicolae_custom_books,
          st_stairs_1, uniq_grinder

Skill      XL: |  1  2  3  4  5  6  7 |
---------------+----------------------+-----
Unarmed Combat | 3 4 5 6 7 8 |  8.4
Fighting       | |  3.0
Dodging        | |  3.0
Shields        | |  3.0

Action                     |  1- 3 |  4- 6 |  7- 9 || total
---------------------------+-------+-------+-------++-------
  Melee: Unarmed           |    56 |    99 |    22 ||   177
         Tentacles         |    11 |    17 |     6 ||    34
         Constrict         |    15 |    32 |     2 ||    49
         Punch             |     1 |     2 |     3 ||     6
Ability: Lunge             |       |     3 |     2 ||     5
  Evoke: Wand              |       |     4 |     3 ||     7
    Use: Scroll            |       |     3 |     4 ||     7
   Stab: Sleeping          |     1 |     3 |       ||     4
 Armour: Skin              |    20 |    38 |     8 ||    66
  Dodge: Dodged            |    24 |    35 |     7 ||    66
  Block: Buckler           |    12 |    15 |     1 ||    28

Table legend: (Time is in decaauts)
 A = Elapsed time spent in this place.
 B = Non-inter-level travel time spent in this place.
 C = Inter-level travel time spent in this place.
 D = Time resting spent in this place.
 E = Time spent auto-exploring this place.
 F = Levels seen in this place.
 G = Mean time per level.
                   A        B        C        D        E       F      G
               +--------+--------+--------+--------+--------+-----+--------+
         Total |   2161 |   2161 |      0 |      0 |      0 |   5 |  432.2 |
       Dungeon |   2161 |   2161 |      0 |      0 |      0 |   5 |  432.2 |
               +--------+--------+--------+--------+--------+-----+--------+

Top non-repeatable levels by time:
     D:3: 588 daAuts
     D:4: 543 daAuts
     D:1: 436 daAuts
     D:2: 319 daAuts
     D:5: 273 daAuts
